 Dungeon Crawl Stone Soup version 0.28.0-45-g0d030f2227 (webtiles) character file.

Game seed: 13737985670713747390

18 Peloso the Shield-Bearer (level 2, -1/27 HPs)
             Began as a Minotaur Fighter on Apr 20, 2022.
             Frozen to death by an endoplasm (2 damage)
             ... on level 1 of the Dungeon.
             The game lasted 00:00:39 (388 turns).

Peloso the Shield-Bearer (Minotaur Fighter)          Turns: 388, Time: 00:00:40

Health: -1/27      AC:  7    Str: 20    XL:     2   Next: 51%
Magic:  1/1        EV:  9    Int:  5    God:
Gold:   31         SH:  4    Dex:  9    Spells: 1/1 levels left

rFire   . . .      SeeInvis .   a - +0 long sword
rCold   . . .      Faith    .   c - +0 buckler
rNeg    . . .      Spirit   .   b - +0 scale mail
rPois   .          Reflect  .   (helmet restricted)
rElec   .          Harm     .   (no cloak)
rCorr   .          Rampage  .   (no gloves)
Will    .....                   (no boots)
Stlth   ..........              (no amulet)
HPRegen 0.09/turn               (no ring)
MPRegen 0.07/turn               (no ring)

@: no status effects
A: horns 2, retaliatory headbutt
a: no special abilities


You were on level 1 of the Dungeon.
You visited 1 branch of the dungeon, and saw 1 of its levels.

You collected 31 gold pieces.

Inventory:

Hand Weapons
 a - a +0 long sword (weapon)
Armour
 b - a +0 scale mail (worn)
 c - a +0 buckler (worn)
Scrolls
 e - a scroll of vulnerability {unknown}
 f - a scroll of fear {unknown}
Potions
 d - a potion of might
 g - a potion of ambrosia {unknown}


   Skills:
 + Level 4.0 Fighting
 + Level 2.5 Long Blades
 + Level 3.9 Armour
 + Level 0.1 Dodging
 + Level 4.0 Shields


You had one spell level left.
You didn't know any spells.
Your spell library was empty.

Dungeon Overview and Level Annotations

Branches:
Dungeon (1/15)

Altars:


Innate Abilities, Weirdness & Mutations

You have a pair of horns on your head.
You reflexively headbutt those who attack you in melee.


Message History

You are frozen.
The ball python barely misses you. You furiously retaliate!
You headbutt the ball python!
You kill the ball python!
Your Fighting skill increases to level 4!
You block the kobold's attack. The endoplasm hits you.
You see here a hobgoblin corpse.
You block the kobold's attack.
The quokka bites you but does no damage.
You miss the quokka. Your headbutt misses the quokka.
You block the kobold's attack. The endoplasm barely misses you.
You block the quokka's attack. The kobold hits you with a +0 club.
The endoplasm hits you but does no damage.
You hit the quokka.
The quokka is severely wounded.
The quokka bites you but does no damage.
The kobold hits you but does no damage.
The quokka bites you but does no damage.
The endoplasm hits you.
You hit the quokka but do no damage.
The quokka is severely wounded.
The quokka closely misses you. The kobold hits you with a +0 club.
The endoplasm completely misses you. The quokka barely misses you.
You furiously retaliate!
You headbutt the quokka.
You kill the quokka!
The kobold hits you with a +0 club.
* * * LOW HITPOINT WARNING * * *
You block the endoplasm's attack.
You see here a quokka corpse.
You slash the kobold!
You kill the kobold!
The endoplasm freezes you.
You are frozen.
* * * LOW HITPOINT WARNING * * *
The endoplasm freezes you.
You are frozen.
* * * LOW HITPOINT WARNING * * *
You barely miss the endoplasm. The endoplasm freezes you.
You are frozen.
You die...

...... .......$......
.............
..........|. ..........
..#..... ##....# .#
###@)..###...
#...J........... #
#.#.#.............
#..............#.
##...#.#.........
##....#.##.......#
#....##.##.......#####
####.#..##..#............
#.......###........######


You could see an endoplasm.

Vanquished Creatures
  A dart slug (D:1)
  3 ball pythons (D:1)
  2 endoplasms (D:1)
  A hobgoblin (D:1)
  2 quokkas (D:1)
  3 bats (D:1)
  A frilled lizard (D:1)
  A kobold (D:1)
  A rat (D:1)
15 creatures vanquished.

Notes
Turn   | Place    | Note
-------+----------+-------------------------------------------
     0 | D:1      | Peloso the Minotaur Fighter began the quest for the Orb.
     0 | D:1      | Reached XP level 1. HP: 19/19 MP: 0/0
   204 | D:1      | Reached XP level 2. HP: 22/27 MP: 1/1
   387 | D:1      | HP: 1/27 [frozen (3)]
   388 | D:1      | Frozen to death by an endoplasm

Illustrated notes

Levels and vault maps discovered:
D:1:      scummos_arrival_star, layout_rooms, chequers_avenue

Skill      XL: |  1  2 |
---------------+-------+-----
Shields        | 4 |  4.0
Fighting       | 4 |  4.0
Long Blades    | |  2.5
Armour         | |  3.9
Dodging        | |  0.1

Action                   || total
-------------------------++-------
Melee: Long sword        ||    33
       Headbutt          ||     4
Armor: Scale mail        ||    34
Dodge: Dodged            ||    19
Block: Buckler           ||    16
